 Dungeon Crawl Stone Soup version 0.29.1-15-g9cfb28693d (webtiles) character file.

Game seed: 5840897345409213526

5894 javelincjr the Magician (level 10, 0/68 (79) HPs)
             Began as a Demonspawn Hedge Wizard on Apr 4, 2023.
             Was a High Priest of Jiyva.
             Slain by Erica
             ... wielding a +1 scimitar of flaming
              (1 damage)
             ... on level 8 of the Dungeon.
             The game lasted 00:39:13 (5580 turns).

javelincjr the Magician (Demonspawn Hedge Wizard)   Turns: 5580, Time: 00:39:13

HP:   0/68 (79)     AC: 10    Str: 10 (13) XL:     10   Next: 53%
MP:   21/21         EV: 13    Int: 16 (17) God:    Jiyva [*****.]
Gold: 206           SH:  5    Dex: 10 (13) Spells: 19/24 levels left

rFire   + . .      SeeInvis .   p - +2 dagger (venom)
rCold   . . .      Faith    .   (no shield)
rNeg    . . .      Spirit   .   b - +0 robe
rPois   +          Reflect  +   c - +0 hat
rElec   .          Harm     .   l - +0 cloak
rCorr   +          Rampage  .   y - +0 pair of gloves
Will    .....                   u - +0 pair of boots
Stlth   ++........              w - amulet of reflection
HPRegen 1.65/turn               m - ring of protection from fire
MPRegen 0.62/turn               (no ring)

@: heavily drained
A: slimy green scales 3, demonic guardian 1, ignite blood 2, hooves 2, poison
resistance, wild magic 3, jelly sensing items
a: Renounce Religion, Oozemancy, Slimify


You were on level 8 of the Dungeon.
You worshipped Jiyva.
Jiyva was extremely pleased with you.
You visited 1 branch of the dungeon, and saw 8 of its levels.
You also visited: Bailey.

You collected 206 gold pieces.

Inventory:

Hand Weapons
 p - a +2 dagger of venom (weapon)
 t - a +3 dagger
 C - a +4 whip
 H - a +4 spear of flaming
 S - a +6 battleaxe
 T - a +3 war axe
Missiles
 e - 5 boomerangs
 D - a curare-tipped dart
 E - 2 poisoned darts
 G - 5 javelins
Armour
 b - a +0 robe (worn)
 c - a +0 hat (worn)
 h - a +0 crystal plate armour
 l - a +0 cloak (worn)
 q - a +0 scale mail
 r - a +0 ring mail
 u - a +0 pair of boots (worn)
 y - a +0 pair of gloves (worn)
 B - a scarf of repulsion
 I - a +2 buckler
Magical Staves
 A - a staff of air
 F - a staff of cold
Jewellery
 m - a ring of protection from fire (left hand)
 w - an amulet of reflection (around neck)
Wands
 o - a wand of flame (8)
 x - a wand of digging (3)
Scrolls
 i - 2 scrolls of noise {unknown}
 j - 6 scrolls of teleportation {unknown}
 k - 3 scrolls of identify {unknown}
 n - a scroll of silence {unknown}
 J - 2 scrolls of summoning {unknown}
 L - a scroll of butterflies {unknown}
 M - a scroll of torment {unknown}
 N - a scroll of blinking {unknown}
 P - a scroll of fear {unknown}
 Q - a scroll of magic mapping {unknown}
Potions
 d - 3 potions of magic
 s - a potion of lignification
 v - 2 potions of curing
 z - 2 potions of degeneration


   Skills:
 * Level 7.4 Fighting
 + Level 4.5 Armour
 + Level 5.1 Dodging
 - Level 1.9 Stealth
 * Level 7.5 Spellcasting
 + Level 5.4 Conjurations
 + Level 5.3 Summonings
 + Level 4.7 Translocations


You had 19 spell levels left.
You knew the following spells:

 Your Spells              Type           Power      Damage    Failure   Level
a - Magic Dart            Conj           100%       1d8       8%          1
b - Call Imp              Summ           43%        N/A       10%         2
c - Blink                 Tloc           80%        N/A       12%         2

Your spell library contained the following spells:

 Spells                   Type           Power      Damage    Failure   Level
 Slow                     Hex            44%        N/A       32%         1
 Sting                    Tmut/Pois      44%        1d5       32%         1
 Conjure Flame            Conj/Fire      27%        6-21      32%         3
 Dazzling Flash           Conj/Hex       54%        N/A       32%         3
 Mephitic Cloud           Conj/Pois/Air  22%        N/A       41%         3
 Ensorcelled Hibernation  Hex/Ice        22%        N/A       43%         2
 Ignite Poison            Fire/Tmut/Pois 11%        N/A       61%         3
 Spider Form              Tmut/Pois      11%        N/A       61%         3
 Sticky Flame             Conj/Fire      27%        2d5       63%         4
 Irradiate                Conj/Tmut      13%        3d16      89%         5
 Anguish                  Hex/Necr       5%         N/A       91%         4
 Agony                    Necr           11%        N/A       99%         5
 Silence                  Hex/Air        5%         N/A       99%         5
 Dispersal                Tloc           20%        N/A       99%         6
 Disjunction              Tloc           20%        N/A       100%        8
 Death's Door             Necr           5%         N/A       100%        9


Dungeon Overview and Level Annotations

Branches:
Dungeon (8/15)             Temple (0/1) D:4          Bailey (visited)
   Lair: D:8-11

Altars:
Ashenzari
Gozag
Nemelex Xobeh
Okawaru
Uskayaw
Wu Jian
Jiyva

Shops:
D:3 *   D:7 *:?*

Annotations:
D:8 Erica, Maggie


Innate Abilities, Weirdness & Mutations

You are completely covered in slimy green scales. (AC +4, rPois)
A weak demonic guardian rushes to your aid.
Your demonic aura often causes spilled blood to erupt in flames.
You have hoof-like feet.
Your system is resistant to poisons. (rPois)
Your spells are much harder to cast, but much more powerful.
You have a small jelly attached to you that senses nearby items.


Message History

The killer bee stings you but does no damage. x2
Casting: Blink (safe; 12% risk of failure)
Confirm with . or Enter, or press ? or * to list all spells.
Aiming: Magic Dart (safe; 8% risk of failure)
Press: ? - help, Shift-Dir - straight line, f/p - orc warrior
Aim: an orc warrior, wielding a +0 war axe and wearing a +0 chain mail (almost dead, poisoned, ally target, 100% to hit)
You feel a surge of power!
The magic dart hits the orc warrior but does no damage.
The orc warrior is almost dead.
The killer bee stings you but does no damage. x2
The orc warrior hits you with a +0 war axe.
* * * LOW HITPOINT WARNING * * *
The orc warrior closely misses your iron imp.
Something hits you but does no damage.
Your iron imp misses the orc warrior.
The killer bee stings you.
* * * LOW HITPOINT WARNING * * *
The killer bee stings you but does no damage.
It was a potion of might.
You feel very mighty all of a sudden.
You kill the orc warrior!
The killer bee stings you but does no damage. x2
Something hits you.
* * * LOW HITPOINT WARNING * * *
Your iron imp completely misses the killer bee.
The killer bee completely misses you.
The killer bee stings you but does no damage.
It was a potion of cancellation.
Your magical effects are unravelling.
You feel magically purged.
You feel less wooden.
Your +0 cloak unmelds from your body.
Your +0 hat unmelds from your body.
Your +0 pair of gloves unmelds from your body.
Your +0 pair of boots unmelds from your body.
Your +0 robe unmelds from your body.
You feel a little less mighty now.
You feel a little less clever now.
Your resistance to elements expires.
The killer bee barely misses you. x2; Something hits you!
* * * LOW HITPOINT WARNING * * *
Something burns you.
You die...

..).... .......
#...... .....?.
#......#.......
#.#..#)<.......
#.#.##.........
...#†.........
#5............
...#####)yy..........
#........@......?....
###..###.{##......#..
# #.#........###
###....... .....#
.))..# ...... ......


You could see 2 killer bees and a friendly iron imp (summoned).

Vanquished Creatures
  An orc warlord (Bailey)
  An orc knight (Bailey)
  Duvessa (D:4)
  2 sky beasts (D:6)
  5 orc warriors
  2 ice beasts (D:6)
  2 centaurs (D:5)
  2 kobold brigands
  A bullfrog (D:6)
  3 scorpions
  3 necrophages
  6 wights
  Dowan (D:4)
  2 killer bees (D:8)
  A howler monkey (D:5)
  2 orc priests
  3 hounds
  Natasha (twice) (D:2)
  4 orc wizards
  An iguana (D:5)
  6 gnolls
  4 adders
  An ufetubus (D:6)
  A worm (D:4)
  2 dart slugs
  19 orcs
  5 ball pythons
  An endoplasm (D:1)
  A giant cockroach (D:1)
  14 goblins
  17 hobgoblins
  19 kobolds
  3 quokkas (D:1)
  3 bats (D:1)
  5 frilled lizards
  A rat (D:2)
147 creatures vanquished.

Vanquished Creatures (collateral kills)
  An orc knight (Bailey)
  Menkaure (D:6)
  A water moccasin (D:7)
  6 orc warriors (Bailey)
  A black bear (D:5)
  An ice beast (D:7)
  3 ogres
  A gnoll sergeant (D:6)
  A necrophage (D:5)
  A wight (D:7)
  Jessica (D:2)
  Natasha (D:2)
  3 gnolls
  An orc (Bailey)
  A goblin (Bailey)
  2 hobgoblins (Bailey)
26 creatures vanquished.

Vanquished Creatures (others)
  A wyvern (D:7)
  A black bear (D:4)
  A scorpion (D:7)
  11 jellies
  A hound (D:5)
  A gnoll (Bailey)
  5 orcs
  A bat (D:3)
  5 goblins
  4 hobgoblins (Bailey)
  A ball python (D:1)
  A kobold (D:3)
  2 rats
  76 plants
111 creatures vanquished.

Grand Total: 284 creatures vanquished

Notes
Turn   | Place    | Note
-------+----------+-------------------------------------------
     0 | D:1      | javelincjr the Demonspawn Hedge Wizard began the quest for
                  | the Orb.
     0 | D:1      | Reached XP level 1. HP: 13/13 MP: 4/4
    30 | D:1      | Reached skill level 1 in Translocations
   262 | D:1      | Gained mutation: You are partially covered in slimy green
                  | scales. (AC +2) [demonic ancestry]
   262 | D:1      | Reached XP level 2. HP: 19/19 MP: 3/6
   689 | D:1      | Found a faded altar of an unknown god.
   699 | D:1      | Prayed at the altar of an unknown god.
   699 | D:1      | Became a worshipper of Jiyva Jacwuck the Shapeless
   699 | D:1      | Reached * piety under Jiyva
   942 | D:1      | Learned a level 2 spell: Call Imp
  1325 | D:2      | Reached XP level 3. HP: 25/25 MP: 7/7
  1333 | D:2      | Noticed Natasha
  1343 | D:2      | Killed Natasha
  1344 | D:2      | Reached skill level 1 in Fighting
  1421 | D:2      | Reached ** piety under Jiyva
  1479 | D:2      | Noticed Jessica
  1501 | D:2      | Killed Jessica
  1502 | D:2      | Reached XP level 4. HP: 14/32 MP: 1/9
  1546 | D:2      | Noticed Natasha
  1552 | D:2      | Killed Natasha
  1665 | D:2      | Noticed Natasha
  1674 | D:2      | Killed Natasha
  1675 | D:2      | Gained mutation: You are mostly covered in slimy green
                  | scales. (AC +3) [demonic ancestry]
  1675 | D:2      | Reached XP level 5. HP: 37/38 MP: 1/10
  1840 | D:3      | Reached skill level 1 in Armour
  1858 | D:3      | Found Safog's Assorted Antiques.
  2075 | D:3      | Reached *** piety under Jiyva
  2180 | D:3      | Gained mutation: You have a small jelly attached to you
                  | that senses nearby items. [Jiyva's grace]
  2180 | D:3      | Gained mutation: You have large cloven feet. [Jiyva's
                  | grace]
  2180 | D:3      | Gained mutation: You have hoof-like feet. [Jiyva's grace]
  2180 | D:3      | Gained mutation: You have hooves in place of feet. [Jiyva's
                  | grace]
  2344 | D:4      | Noticed an ogre
  2366 | D:4      | Killed an ogre
  2367 | D:4      | Reached XP level 6. HP: 46/46 MP: 7/12
  2484 | D:4      | Noticed Duvessa
  2487 | D:4      | Noticed Dowan
  2509 | D:4      | Killed Duvessa
  2509 | D:4      | Killed Dowan
  2566 | D:4      | Gained mutation: A weak demonic guardian rushes to your
                  | aid. [demonic ancestry]
  2566 | D:4      | Reached XP level 7. HP: 52/52 MP: 13/13
  2662 | D:4      | Found a staircase to the Ecumenical Temple.
  2844 | D:5      | Entered Level 5 of the Dungeon
  2927 | D:5      | Gained mutation: Your demonic aura sometimes causes spilled
                  | blood to erupt in flames. [demonic ancestry]
  2927 | D:5      | Reached XP level 8. HP: 47/60 MP: 15/15
  2929 | D:5      | Reached skill level 5 in Spellcasting
  2964 | D:5      | Reached **** piety under Jiyva
  3041 | D:5      | Learned a level 2 spell: Blink
  3574 | D:6      | Reached skill level 5 in Fighting
  3614 | D:6      | Noticed Menkaure
  3622 | D:6      | Killed Menkaure
  3694 | D:6      | Gained mutation: You are completely covered in slimy green
                  | scales. (AC +4, rPois) [demonic ancestry]
  3694 | D:6      | Reached XP level 9. HP: 28/68 MP: 17/17
  3764 | D:6      | Lost mutation: You have hooves in place of feet. [Jiyva's
                  | grace]
  3764 | D:6      | Gained mutation: Your spells are a little harder to cast,
                  | but a little more powerful. [Jiyva's grace]
  3764 | D:6      | Gained mutation: Your spells are harder to cast, but more
                  | powerful. [Jiyva's grace]
  3764 | D:6      | Gained mutation: Your spells are much harder to cast, but
                  | much more powerful. [Jiyva's grace]
  3764 | D:6      | Gained mutation: Your system is resistant to poisons.
                  | (rPois) [Jiyva's grace]
  4254 | D:7      | Found Rocolash's Gadget Gallery.
  4306 | D:7      | Found Daircheiq's Book Emporium.
  4332 | D:7      | Found Vitsitif's Magic Scroll Shoppe.
  4338 | D:7      | Reached ***** piety under Jiyva
  4686 | D:7      | Found Reipue's General Store.
  4699 | D:7      | Found a flagged portal.
  4705 | Bailey   | Entered a bailey
  4802 | Bailey   | Noticed an orc knight
  4822 | Bailey   | Killed an orc knight
  4823 | Bailey   | Gained mutation: Your demonic aura often causes spilled
                  | blood to erupt in flames. [demonic ancestry]
  4823 | Bailey   | Reached XP level 10. HP: 30/77 MP: 18/20
  4862 | Bailey   | Noticed an orc warlord
  4870 | Bailey   | Killed an orc warlord
  4871 | Bailey   | Reached skill level 5 in Conjurations
  4871 | Bailey   | Reached skill level 5 in Summonings
  4894 | Bailey   | Got the Volume of Shapeshifting and Gloom
  4961 | Bailey   | Reached skill level 5 in Dodging
  4980 | Bailey   | Noticed an orc knight
  5001 | Bailey   | Killed an orc knight
  5299 | D:7      | Found a sparkling altar of Nemelex Xobeh.
  5302 | D:7      | Found a hide-covered altar of Uskayaw.
  5309 | D:7      | Found an opulent altar of Gozag.
  5312 | D:7      | Found an iron altar of Okawaru.
  5314 | D:7      | Found an ornate altar of the Wu Jian Council.
  5319 | D:7      | Found a broken altar of Ashenzari.
  5474 | D:8      | Noticed Maggie
  5567 | D:8      | Noticed Erica
  5580 | D:8      | HP: 1/68 [something (9)]
  5580 | D:8      | Slain by Erica

Illustrated notes

Levels and vault maps discovered:
D:1:      dpeg_arrival_fog, layout_loops_ring, serial_forest,
          infiniplex_forest_clump_C, infiniplex_forest_lined_ring,
          infiniplex_forest_3_way, infiniplex_forest_end_2,
          infiniplex_forest_lined_1, infiniplex_forest_lined_1,
          infiniplex_forest_lined_4_way, infiniplex_forest_clump_tiny,
          dreamdust_ecumenical_altar_statues
D:2:      layout_rooms, uniq_natasha, uniq_jessica
D:3:      layout_basic, serial_shops, nicolae_shop_overgrown_old_shop,
          wad_floor_pattern_untrapped
D:4:      layout_basic, minmay_temple_entry_butterflies, minmay_hedge_maze,
          uniq_duvessa
D:5:      layout_rooms, tso_metal_star, serial_bayou, serial_bayou_shore_b,
          serial_bayou_pond_c, serial_bayou_pond_b, serial_bayou_lagoon_b,
          serial_bayou_lagoon_a, serial_bayou_ford_a
D:6:      nicolae_cairo_tiling, layout_rooms, minmay_misc_feat_more_columns,
          uniq_menkaure
D:7:      layout_loops_ring, nicolae_overflow_hallway_of_the_gods,
          enter_bailey_3, serial_shops, shop_statue, nicolae_stop_n_shop_2,
          nicolae_shop_hallway_plus, nrook_loot_triangle, kennysheep_donut,
          nicolae_shop_gadgets
D:8:      layout_cave_pools, serial_shops, kennysheep_mini, uniq_erica,
          uniq_joseph, uniq_maggie

Skill      XL: |  1  2  3  4  5  6  7  8  9 10 |
---------------+-------------------------------+-----
Translocations | 1 2 3 4 |  4.7
Dodging        | 2 3 4 5 |  5.1
Fighting       | 1 2 3 5 6 7 |  7.4
Armour         | 1 2 3 4 |  4.5
Conjurations   | 2 3 4 5 |  5.4
Summonings     | 2 3 4 5 |  5.3
Spellcasting   | 4 5 6 7 |  7.5
Stealth        | |  1.9

Action                   |  1- 3 |  4- 6 |  7- 9 | 10-12 || total
-------------------------+-------+-------+-------+-------++-------
Melee: Dagger            |    80 |    60 |   315 |    87 ||   542
       Punch             |     1 |       |     6 |     2 ||     9
       Kick              |       |    14 |    97 |    20 ||   131
 Cast: Magic Dart        |    51 |    47 |    55 |    20 ||   173
       Call Imp          |     2 |    11 |    20 |     8 ||    41
       Blink             |       |       |     2 |     4 ||     6
  Use: Potion            |       |       |       |     8 ||     8
 Stab: Sleeping          |     1 |       |     1 |       ||     2
       Distracted        |       |       |       |     2 ||     2
Armor: Crystal plate arm |    61 |       |       |       ||    61
       Robe              |    13 |    22 |    66 |    33 ||   134
       Skin              |       |       |       |    22 ||    22
Dodge: Dodged            |    29 |    42 |   171 |   116 ||   358
Block: Other             |       |     7 |    75 |    34 ||   116
       Reflection        |       |       |       |     1 ||     1
